AoeStats
← arthur

African Clearing

510323918Analyzed
4v4 RM · 2d ago on Sep 30, 2026· 34m 56s· 8 players
Game mode
Random Map
Map size
Large (8 player)
Population
200
Speed
Normal
Resources
Standard
Victory
Conquest
Starting age
Dark Age
Ending age
Imperial Age
RankedLock teamsTeams togetherTeam positionsShared explorationLock speedFull tech treeHidden civsTurbo modeCheats
Victory
Defeat
🇭🇰 Japanese · Hong Kong SAR China
1450
+15
🇨🇦 Varangians · Canada
1424
+16
🇨🇳 Huns · China
1385
+18
🇨🇳 Vietnamese · China
1385
+18
🇨🇦 Jurchens · Canada
1478
-20
🇧🇷 Vietnamese · Brazil
1442
-17
🇵🇪 Franks · Peru
1393
-15
🇫🇷 Mongols · France
1382
-15
jardan1234
6:00 Loom
14:49 Feudal Age
21:06 Castle Age
19:06 Double-Bit Axe
19:23 Gold Mining
19:23 Stone Mining
21:55 Bloodlines
21:52 Scale Barding Armor
24:57 Fletching
27:55 Husbandry
31:46 Scale Mail Armor
31:56 Forging
CaptainQS
6:38 Loom
14:06 Feudal Age
14:57 Double-Bit Axe
18:25 Castle Age
16:13 Horse Collar
19:58 Wheelbarrow
19:34 Bow Saw
19:27 Heavy Plow
21:02 Forging
20:57 Scale Barding Armor
21:50 Gold Mining
27:21 Bloodlines
32:01 Chain Barding Armor
32:30 Hand Cart
32:22 Husbandry
34:18 Iron Casting
35:08 Stone Mining
2265138721
11:40 Feudal Age
11:12 Loom
12:47 Double-Bit Axe
15:11 Forging
17:15 Scale Barding Armor
mipolin
14:04 Feudal Age
15:21 Double-Bit Axe
18:02 Castle Age
19:51 Bow Saw
22:03 Padded Archer Armor
21:57 Fletching
22:41 Loom
25:06 Bodkin Arrow
25:26 Leather Archer Armor
33:27 Gold Mining
GOAT Gobz
2:58 Loom
12:10 Feudal Age
12:42 Double-Bit Axe
16:40 Forging
22:24 Castle Age
21:11 Horse Collar
22:02 Bloodlines
22:46 Scale Barding Armor
23:38 Wheelbarrow
24:59 Bow Saw
26:31 Town Watch
30:25 Husbandry
31:47 Iron Casting
Fs.Emmanuel
3:19 Loom
13:50 Feudal Age
17:30 Castle Age
16:29 Double-Bit Axe
27:42 Fletching
arthur
11:27 Feudal Age
12:36 Loom
13:02 Double-Bit Axe
14:04 Scale Barding Armor
16:21 Forging
18:51 Bloodlines
21:09 Wheelbarrow
24:06 Castle Age
22:55 Gold Mining
23:42 Fletching
24:50 Husbandry
24:46 Bodkin Arrow
25:06 Bow Saw
25:38 Gold Shaft Mining
25:38 Padded Archer Armor
26:18 Town Watch
27:40 Hand Cart
27:18 Horse Collar
28:14 Heavy Plow
33:15 Leather Archer Armor
34:26 Stone Mining
aq.gjoel
5:03 Loom
15:29 Feudal Age
20:15 Castle Age
19:27 Double-Bit Axe
20:31 Town Watch
21:23 Forging
21:53 Bow Saw
27:06 Iron Casting
Connection lost

Rejoining the realm…

Still unreachable

The connection could not be restored.

Session expired

The server has moved on; the page needs a fresh start.